 Dungeon Crawl Stone Soup version 0.28-a0-1199-gef9e1dbd39 (webtiles) character file.

Game seed: 18316626674625973918

5233 croobank the Blocker (level 10, -2/98 HPs)
             Began as a Troll Warper on Dec 19, 2021.
             Was a Believer of Qazlal.
             Slain by a hornet (4 damage)
             ... while paralysed by a hornet
             ... on level 9 of the Dungeon.
             The game lasted 01:01:54 (7018 turns).

croobank the Blocker (Troll Warper)                 Turns: 7018, Time: 01:01:55

Health: -2/98      AC:  9    Str: 21    XL:     10   Next: 35%
Magic:  9/12       EV:  1    Int: 13    God:    Qazlal [**....]
Gold:   1025       SH:  0    Dex:  9    Spells: 8/13 levels left

rFire   . . .      SeeInvis .     - Unarmed
rCold   . . .      Faith    .   c - +0 kite shield
rNeg    . . .      Spirit   .   a - +0 robe
rPois   .          Reflect  .   (helmet restricted)
rElec   .          Harm     .   y - +0 cloak
rCorr   .          Rampage  .   (gloves unavailable)
Will    +....                   (boots unavailable)
Stlth   +.........              (no amulet)
HPRegen 1.06/turn               o - ring of willpower
MPRegen 0.13/turn               p - +4 ring of protection

@: paralysed, lethally poisoned (-2 -> -12), very slightly contaminated, slowed
A: large, unfitting armour, claws 3, regeneration 1, shaggy fur 1, tough skin 1
a: Renounce Religion, Upheaval


You were on level 9 of the Dungeon.
You worshipped Qazlal.
Qazlal was pleased with you.
You visited 2 branches of the dungeon, and saw 10 of its levels.

You collected 1251 gold pieces.
You spent 226 gold pieces at shops.

Inventory:

Hand Weapons
 x - a +2 flail of protection
 z - a +4 quarterstaff of chaos
 B - a +0 dire flail
 E - a +3 halberd
 F - a +2 hand axe
 G - a +3 mace
 H - a +2 short sword of electrocution
 J - a +3 scimitar of freezing
Missiles
 g - 346 stones (quivered)
 l - 40 poisoned darts
 m - 3 boomerangs
 A - a throwing net
 C - 45 sling bullets
 I - 3 javelins
Armour
 a - a +0 robe (worn)
 c - a +0 kite shield (worn)
 y - a +0 cloak (worn)
Jewellery
 j - a +4 ring of evasion
 n - a ring of fire
 o - a ring of willpower (left claw)
 p - a +4 ring of protection (right claw)
 s - a ring of ice
Wands
 k - a wand of paralysis (10)
 r - a wand of polymorph (11)
Scrolls
 b - 2 scrolls of blinking
 d - a scroll of fear
 e - 2 scrolls of enchant weapon
 h - a scroll of magic mapping
 q - a scroll of holy word
 v - a scroll of teleportation
 D - a scroll of immolation
Potions
 f - a potion of mutation
 i - a potion of brilliance
 t - 2 potions of heal wounds
 u - a potion of curing
 w - a potion of ambrosia
 K - a potion of invisibility {unknown}


   Skills:
 + Level 6.1 Fighting
 - Level 2.4 Throwing
 - Level 2.9 Dodging
 - Level 9.0 Shields
 + Level 6.8 Unarmed Combat
 - Level 2.1 Spellcasting
 - Level 3.0 Translocations


You had 8 spell levels left.
You knew the following spells:

 Your Spells              Type           Power      Damage    Failure   Level
a - Blink                 Tloc           18%        N/A       11%         2
b - Gell's Gravitas       Tloc           9%         N/A       22%         3

Your spell library contained the following spells:

 Spells                   Type           Power      Damage    Failure   Level
 Lesser Beckoning         Tloc           9%         N/A       22%         3
 Teleport Other           Tloc           9%         N/A       22%         3
 Frozen Ramparts          Ice            2%         1d2       58%         3
 Manifold Assault         Tloc           9%         N/A       90%         5
 Ice Form                 Ice/Tmut       1%         N/A       94%         4
 Summon Ice Beast         Ice/Summ       1%         N/A       94%         4
 Alistair's Intoxication  Tmut/Pois      0%         N/A       100%        5
 Borgnjor's Vile Clutch   Necr/Erth      0%         N/A       100%        5
 Summon Mana Viper        Hex/Summ       1%         N/A       100%        5
 Eringya's Noxious Bog    Tmut/Pois      0%         N/A       100%        6
 Malign Gateway           Summ/Tloc      2%         N/A       100%        7
 Monstrous Menagerie      Summ           0%         N/A       100%        7
 Summon Horrible Things   Summ           0%         N/A       100%        8


Dungeon Overview and Level Annotations

Branches:
Dungeon (9/15)             Temple (1/1) D:7
   Lair: D:8-11         Orc: D:9-12

Altars:
Cheibriados
Dithmenos
Gozag
Kikubaaqudgha
Makhleb
Nemelex Xobeh
Okawaru
Qazlal
Sif Muna
Uskayaw
Vehumet
Yredelemnul
Zin

Shops:
D:3 (?=*?   D:4 *   D:8 :

Annotations:
D:6 3 runed translucent doors, Nato's ghost, novice TrBe
D:9 Erica


Innate Abilities, Weirdness & Mutations

You are too large for most types of armour.
You have claws for hands.
Your natural rate of healing is unusually fast.
You are covered in fur. (AC +1)
You have tough skin. (AC +1)


Message History

The wyvern is severely wounded.
The wyvern barely misses you.
Casting: Gell's Gravitas (dangerous; 22% risk of failure)
Confirm with . or Enter, or press ? or * to list all spells.
Aiming: Gell's Gravitas (dangerous; 22% risk of failure)
Press: ? - help, Dir - move target You miscast Gell's Gravitas.
You are very lightly contaminated with residual magic.
Nothing appears to happen.
You block the wyvern's attack.
You scratch the wyvern.
The wyvern is severely wounded.
You block the hornet's attack. The wyvern bites you!
You block the hornet's attack. The wyvern bites you!
You closely miss the wyvern.
The wyvern is severely wounded.
The hornet barely misses you. The wyvern closely misses you.
You closely miss the wyvern.
The wyvern is severely wounded.
The wyvern barely misses you.
The hornet stings you but does no damage.
You scratch the wyvern but do no damage.
The wyvern is severely wounded.
The wyvern bites you! The hornet stings you!
You are poisoned.
You feel yourself slow down. The hornet stings you.
You are more poisoned.
You suddenly lose the ability to move!
The wyvern bites you!
You feel very sick. The wyvern bites you!
* * * LOW HITPOINT WARNING * * *
The hornet stings you.
* * * LOW HITPOINT WARNING * * *
You are more poisoned.
You feel as though you will be slow longer.
* * * LOW HITPOINT WARNING * * *
You feel very sick. The wyvern bites you!
* * * LOW HITPOINT WARNING * * *
The hornet stings you.
You die...

...........#
.#####.....# ####
.#
#.###########....
.# #.#
#.........# .#
#.# #.........#
.# #.#
#.........# .#
#.####.........#
.
#.........y....#
#####......@...#
#.######l......
#.# ....... #.#
....... #.#
....... #.#
...$... #.#
....... ..#
.......


You could see a hornet and a wyvern.

Vanquished Creatures
  The ghost of SensoryNuts the Poker, a novice DsFi (D:5)
  A hornet (D:8)
  A wyvern (D:8)
  A steam dragon (D:7)
  An acid dragon (D:7)
  A water moccasin (D:7)
  5 orc warriors (D:8)
  3 ice beasts
  2 necrophages
  A hornet zombie (D:6)
  3 ogres
  The ghost of AigisTheKnight the Conjurer, an amateur DrCj (D:3)
  The ghost of AigisTheKnight the Conjurer, an amateur DrCj (D:5)
  2 centaurs
  2 kobold brigands (D:8)
  3 bullfrogs
  A gnoll sergeant (D:8)
  A scorpion (D:5)
  10 wights
  8 killer bees
  3 howler monkeys
  A bullfrog zombie (D:5)
  4 centaur zombies
  A gnoll shaman (D:7)
  5 hounds
  Crazy Yiuf (D:7)
  2 centaur skeletons
  7 orc priests
  2 bullfrog skeletons
  Terence (D:3)
  3 iguanas
  9 orc wizards
  A centaur simulacrum (D:3)
  3 howler monkey zombies
  8 adders
  12 gnolls
  A hound simulacrum (D:3)
  2 white imps
  An adder zombie (D:5)
  An adder skeleton (D:4)
  2 worms
  A dart slug (D:5)
  41 orcs
  4 endoplasms
  A giant cockroach (D:3)
  7 goblins
  7 hobgoblins
  16 kobolds
  2 quokkas
  5 ball pythons
  2 ball python simulacra (D:3)
  6 bats
  3 frilled lizards
  A jackal simulacrum (D:3)
  A rat (D:1)
216 creatures vanquished.

Vanquished Creatures (others)
  A fungus (D:6)
  3 plants (D:6)
  6 withered plants (D:5)
10 creatures vanquished.

Grand Total: 226 creatures vanquished

Notes
Turn   | Place    | Note
-------+----------+-------------------------------------------
     0 | D:1      | croobank the Troll Warper began the quest for the Orb.
     0 | D:1      | Reached XP level 1. HP: 19/19 MP: 1/1
    38 | D:1      | Reached skill level 1 in Throwing
   145 | D:1      | Reached XP level 2. HP: 28/28 MP: 3/3
   430 | D:1      | Learned a level 2 spell: Blink
   551 | D:1      | Found a faded altar of an unknown god.
   679 | D:2      | You fall into a shaft and drop 1 floor!
   691 | D:3      | Found Kechusch's Weapon Emporium.
   901 | D:2      | Reached XP level 3. HP: 33/35 MP: 4/4
  1221 | D:3      | Found a runed translucent gate.
  1223 | D:3      | Found a runed translucent gate.
  1224 | D:3      | Found a runed translucent gate.
  1275 | D:3      | Found Woroitu's Assorted Antiques.
  1292 | D:3      | Bought a scroll of identify for 52 gold pieces
  1310 | D:3      | Found Bohiff's Magic Scroll Shoppe.
  1332 | D:3      | Noticed Terence
  1336 | D:3      | Reached XP level 4. HP: 42/42 MP: 5/5
  1450 | D:3      | Found Ishullig's Jewellery Boutique.
  1543 | D:3      | Noticed AigisTheKnight's ghost (amateur DrCj)
  1619 | D:3      | Found Gaxannil's Magic Scroll Boutique.
  1748 | D:3      | Killed Terence
  1770 | D:3      | Learned a level 3 spell: Gell's Gravitas
  1974 | D:4      | Noticed a necrophage
  1981 | D:4      | Killed a necrophage
  1982 | D:4      | Reached XP level 5. HP: 50/50 MP: 6/6
  1986 | D:4      | Found Founat's Overcharged Wands.
  2146 | D:4      | Reached XP level 6. HP: 48/59 MP: 6/8
  2549 | D:5      | Entered Level 5 of the Dungeon
  2620 | D:5      | Identified the +1 leather armour of the Spider Nest {-Tele
                  | rElec Will++ Str+3}
  2630 | D:5      | Reached skill level 1 in Shields
  2676 | D:5      | Reached skill level 2 in Shields
  2696 | D:5      | Reached XP level 7. HP: 58/66 MP: 9/9
  2878 | D:5      | Reached skill level 3 in Shields
  3173 | D:5      | Reached skill level 4 in Shields
  3181 | D:5      | Found a runed translucent gate.
  3181 | D:5      | Found a runed translucent gate.
  3181 | D:5      | Found a runed translucent gate.
  3200 | D:5      | Noticed AigisTheKnight's ghost (amateur DrCj)
  3200 | D:5      | Noticed SensoryNuts's ghost (novice DsFi)
  3405 | D:5      | Reached skill level 5 in Shields
  3405 | D:5      | Reached XP level 8. HP: 62/74 MP: 10/10
  3629 | D:5      | Killed SensoryNuts's ghost
  3630 | D:5      | Reached skill level 6 in Shields
  3631 | D:5      | Killed AigisTheKnight's ghost
  3751 | D:6      | Reached skill level 7 in Shields
  3980 | D:6      | Found a runed translucent gate.
  3985 | D:6      | Found a runed translucent gate.
  3986 | D:6      | Found a runed translucent gate.
  3989 | D:6      | Noticed Nato's ghost (novice TrBe)
  4577 | D:7      | Reached skill level 8 in Shields
  4577 | D:7      | Reached XP level 9. HP: 30/80 MP: 11/11
  4709 | D:7      | Found a runed translucent door.
  4710 | D:7      | Noticed Crazy Yiuf
  4740 | D:7      | Found a staircase to the Ecumenical Temple.
  4751 | Temple   | Entered the Ecumenical Temple
  4802 | Temple   | Became a worshipper of Qazlal Stormbringer
  4921 | D:7      | Reached skill level 9 in Shields
  5390 | D:7      | Killed Crazy Yiuf
  5479 | D:7      | Reached * piety under Qazlal
  5585 | D:8      | Reached skill level 5 in Unarmed Combat
  5708 | D:8      | Reached skill level 5 in Fighting
  5715 | D:8      | Reached XP level 10. HP: 91/96 MP: 12/12
  5745 | D:8      | Found Zuowk's Book Shoppe.
  6079 | D:8      | Reached ** piety under Qazlal
  6437 | D:3      | Bought 2 scrolls of identify for 48 gold pieces
  6437 | D:3      | Bought a scroll of identify for 24 gold pieces
  6440 | D:3      | Bought a scroll of identify for 24 gold pieces
  6512 | D:3      | Bought a scroll of identify for 26 gold pieces
  6512 | D:3      | Bought a scroll of identify for 26 gold pieces
  6512 | D:3      | Bought a scroll of identify for 26 gold pieces
  6512 | D:3      | Identified a scroll of acquirement
  6515 | D:3      | Acquired 804 gold pieces
  6567 | D:3      | Killed AigisTheKnight's ghost
  6919 | D:9      | Noticed Erica
  7016 | D:9      | Paralysed by a hornet for 3 turns
  7018 | D:9      | HP: 2/98 [wyvern (10)]
  7018 | D:9      | Slain by a hornet

Illustrated notes

Levels and vault maps discovered:
D:1:      lemuel_arrival_cross, layout_rooms, chequers_ecumenical_altar_lobes
D:2:      layout_rooms
D:3:      layout_basic, gammafunk_ghost_icy, serial_shops,
          nicolae_shop_hallway_plus, nicolae_square_shop,
          nicolae_shop_hallway_plus, nicolae_shop_window_shopping,
          nicolae_shop_waterfront, minivault_11, uniq_terence
D:4:      layout_basic, nicolae_shop_overcharged_wands
D:5:      layout_basic, gammafunk_ghost_cemetery, dk_noncrumbling_4,
          serial_bayou_pond_e, grunt_decor_fettered, hangedman_decor_slide_cut
D:6:      layout_loops_ring, gammafunk_ghost_nasty_kobolds, minmay_misc_feat_iff
D:7:      layout_rooms, temple_hall, serial_glass, glass_columns_b,
          glass_columns_a, uniq_crazy_yiuf_cottage
D:8:      layout_gridville, special_room [special_room_orc], serial_shops, shop,
          kennysheep_generic_room_7
D:9:      lemuel_slime, layout_small_grid, tso_oasis_becter, grunt_potential,
          uniq_erica
Temple:   nicolae_temple_the_god_donut

Skill      XL: |  1  2  3  4  5  6  7  8  9 10 |
---------------+-------------------------------+-----
Throwing       | 1 2 |  2.4
Dodging        | 2 |  2.9
Fighting       | 2 5 6 |  6.1
Unarmed Combat | 3 5 6 |  6.8
Spellcasting   | 2 |  2.1
Translocations | 3 |  3.0
Shields        | 2 5 8 9 |  9.0

Action                   |  1- 3 |  4- 6 |  7- 9 | 10-12 || total
-------------------------+-------+-------+-------+-------++-------
Melee: Unarmed           |    94 |   163 |   362 |   191 ||   810
       Punch             |     1 |       |     2 |       ||     3
Throw: Boomerang         |     5 |       |       |       ||     5
       Javelin           |     2 |     4 |    36 |     9 ||    51
       Stone             |       |     3 |    12 |     4 ||    19
 Cast: Gell's Gravitas   |       |     1 |       |     1 ||     2
  Use: Scroll            |     4 |     4 |     1 |     9 ||    18
       Potion            |       |     2 |     2 |     1 ||     5
Armor: Robe              |    36 |    34 |   114 |    24 ||   208
Dodge: Dodged            |    60 |   112 |   214 |    48 ||   434
Block: Kite shield       |       |       |   162 |    84 ||   246

Table legend: (Time is in decaauts)
 A = Elapsed time spent in this place.
 B = Non-inter-level travel time spent in this place.
 C = Inter-level travel time spent in this place.
 D = Time resting spent in this place.
 E = Time spent auto-exploring this place.
 F = Levels seen in this place.
 G = Mean time per level.
                   A        B        C        D        E       F      G
               +--------+--------+--------+--------+--------+-----+--------+
         Total |   7001 |   6547 |    454 |    558 |   3579 |  10 |  700.1 |
       Dungeon |   6942 |   6495 |    447 |    558 |   3579 |   9 |  771.3 |
        Temple |     58 |     51 |      7 |      0 |      0 |   1 |   58.0 |
               +--------+--------+--------+--------+--------+-----+--------+

Top non-repeatable levels by time:
     D:5: 1160 daAuts
     D:3: 1041 daAuts
     D:8: 999 daAuts
     D:6: 893 daAuts
     D:7: 874 daAuts
     D:1: 659 daAuts
     D:4: 646 daAuts
     D:2: 416 daAuts
     D:9: 251 daAuts
  Temple: 58 daAuts
